 Dungeon Crawl Stone Soup version 0.29-a0-997-gf6f7e2dfe7 (webtiles) character file.

Game seed: 3388908734499043451

206236 frimble the Bludgeoner (level 18, -5/134 HPs)
             Began as a Demonspawn Earth Elementalist on Aug 4, 2022.
             Was a High Priest of Cheibriados.
             Shot with a bolt by a naga sharpshooter (17 damage)
             ... on level 4 of the Snake Pit on Aug 5, 2022.
             The game lasted 00:59:05 (30695 turns).

frimble the Bludgeoner (DsEE)                      Turns: 30695, Time: 00:59:06

Health: -5/134     AC: 14    Str: 23    XL:     18   Next: 44%
Magic:  24/28      EV: 26    Int: 32    God:    Cheibriados [*****.]
Gold:   53         SH: 18    Dex: 37    Spells: 22/30 levels left

rFire   . . .      SeeInvis .   b - +7 sceptre of Torment {pain, torment}
rCold   . . .      Faith    .   I - +0 kite shield {AC+3}
rNeg    . . .      Spirit   .   X - +1 troll leather armour
rPois   .          Reflect  .   g - +1 helmet
rElec   +          Harm     .   n - +1 cloak
rCorr   .          Rampage  .   (gloves unavailable)
Will    ++...                   p - +1 pair of boots
Stlth   +++.......              V - amulet of regeneration
HPRegen 1.92/turn               u - ring "Uczemimn" {rElec Int+6 Dex+6}
MPRegen 0.21/turn               e - ring of willpower

@: mighty, lethally poisoned (-5 -> -11), studying 3 skills, very slow
A: powered by pain 2, sturdy frame 2, demonic magic 1, corrupting presence 1,
demonic touch 3, agile 1, dopey 1
a: Renounce Religion, Bend Time, Temporal Distortion, Slouch, Step From Time


You were on level 4 of the Snake Pit.
You worshipped Cheibriados.
Cheibriados was extremely pleased with you.
You visited 6 branches of the dungeon, and saw 30 of its levels.
You also visited: Sewer, Ossuary and Volcano.

You collected 4113 gold pieces.
You spent 4060 gold pieces at shops.

Inventory:

Hand Weapons
 a - the +3 Elemental Staff {rElec rF++ rC++ AC+5}
   (You found it on level 3 of the Elven Halls)

   If the wielder is skilled in Evocations, they can discharge powerful blasts
   of elemental energy when striking with it.
   It enhances your fire, ice, earth and air magic.
   AC:        It affects your AC (+5).
   rF:        It greatly protects you from fire.
   rC:        It greatly protects you from cold.
   rElec:     It insulates you from electricity.
 b - the +7 sceptre of Torment (weapon) {pain, torment}
   (You bought it in a shop on level 5 of the Dungeon)

   In the hands of one skilled in necromantic magic, it inflicts extra damage on
   living creatures.
   It occasionally torments all nearby living foes when it strikes in combat.
Armour
 g - a +1 helmet (worn)
 n - a +1 cloak (worn)
 p - a +1 pair of boots (worn)
 I - a +0 kite shield of protection (worn)
 X - a +1 troll leather armour (worn)
Jewellery
 e - a ring of willpower (right hand)
 f - a ring of see invisible
 o - an amulet of magic regeneration
 s - a ring of protection from cold
 u - the ring "Uczemimn" (left hand) {rElec Int+6 Dex+6}
   (You found it on level 9 of the Dungeon)

   [ring of dexterity]

   Int:       It affects your intelligence (+6).
   Dex:       It affects your dexterity (+6).
   rElec:     It insulates you from electricity.
 D - a ring of protection from fire
 L - the ring "Lowk" {Wiz rCorr Stlth+}
   (You took it off a deep elf sorcerer on level 3 of the Elven Halls)

   [ring of wizardry]

   It improves your spell success rate.
   rCorr:     It protects you from acid and corrosion.
   Stlth:     It makes you more stealthy.
 M - an amulet of faith
 V - an amulet of regeneration (around neck)
 W - the ring "Mairrej" {Wiz rN+ Str+4}
   (You took it off a deep elf demonologist on level 3 of the Elven Halls)

   [ring of wizardry]

   It improves your spell success rate.
   Str:       It affects your strength (+4).
   rN:        It protects you from negative energy.
Wands
 l - a wand of quicksilver (7)
 m - a wand of flame (69)
 r - a wand of roots (11)
 K - a wand of charming (36)
 U - a wand of mindburst (22)
 Y - a wand of polymorph (8)
Scrolls
 h - 2 scrolls of fear
 k - 13 scrolls of teleportation
 q - 6 scrolls of identify
 w - 5 scrolls of amnesia
 x - 3 scrolls of vulnerability
 y - 3 scrolls of blinking
 A - 6 scrolls of immolation
 E - a scroll of brand weapon
 N - 2 scrolls of fog
 Q - 6 scrolls of enchant weapon
 R - 9 scrolls of magic mapping
Potions
 c - 6 potions of brilliance
 d - 14 potions of flight
 i - 2 potions of berserk rage {unknown}
 j - 5 potions of invisibility
 t - 10 potions of curing
 v - 4 potions of resistance
 z - 6 potions of heal wounds
 B - 2 potions of mutation
 C - 3 potions of ambrosia
 H - a potion of cancellation
 J - 4 potions of attraction
 P - 5 potions of magic
 S - 7 potions of lignification
 Z - a potion of might {unknown}
Miscellaneous
 F - a condenser vane (inert)
 T - a tin of tremorstones (2/2)


   Skills:
 - Level 10.0 Fighting
 - Level 2.0 Long Blades
 - Level 16.0(16.3) Maces & Flails
 - Level 6.0(12.0) Staves
 - Level 2.0 Armour
 - Level 11.0 Dodging
 - Level 1.7 Stealth
 + Level 15.5 Shields
 - Level 4.2 Unarmed Combat
 + Level 6.9 Spellcasting
 - Level 11.3 Necromancy
 - Level 7.1 Translocations
 - Level 2.0 Transmutations
 - Level 5.0 Ice Magic
 - Level 2.6 Earth Magic
 - Level 7.7 Invocations
 - Level 2.3 Evocations


You had 22 spell levels left.
You knew the following spells:

 Your Spells              Type           Power      Damage    Failure   Level
a - Sandblast             Erth           56%        2d13      2%          1
b - Blink                 Tloc           100%       N/A       1%          2
c - Passwall              Tmut/Erth      21%        N/A       4%          2
d - Frozen Ramparts       Ice            86%        1d16      2%          3

Your spell library contained the following spells:

 Spells                   Type           Power      Damage    Failure   Level
 Gell's Gravitas          Tloc           54%        N/A       1%          3
 Lesser Beckoning         Tloc           54%        N/A       1%          3
 Teleport Other           Tloc           54%        N/A       1%          3
 Dispel Undead            Necr           70%        3d24      1%          4
 Beastly Appendage        Tmut           48%        N/A       3%          1
 Passage of Golubria      Tloc           54%        N/A       3%          4
 Wereblood                Tmut           24%        N/A       4%          2
 Portal Projectile        Hex/Tloc       66%        N/A       4%          3
 Anguish                  Hex/Necr       23%        N/A       7%          4
 Foxfire                  Conj/Fire      44%        2x1d6     8%          1
 Magic Dart               Conj           44%        1d5       8%          1
 Summon Small Mammal      Summ           44%        N/A       8%          1
 Call Imp                 Summ           11%        N/A       11%         2
 Poisonous Vapours        Pois/Air       22%        N/A       11%         2
 Scorch                   Fire           22%        2d6       11%         2
 Searing Ray              Conj           22%        2d5       11%         2
 Static Discharge         Conj/Air       11%        3-5/arc   11%         2
 Manifold Assault         Tloc           54%        N/A       11%         5
 Death Channel            Necr           35%        N/A       11%         6
 Borgnjor's Vile Clutch   Necr/Erth      27%        N/A       12%         5
 Stone Arrow              Conj/Erth      38%        3d9       13%         3
 Spider Form              Tmut/Pois      17%        N/A       14%         3
 Ignite Poison            Fire/Tmut/Pois 15%        N/A       16%         3
 Corpse Rot               Necr/Pois/Air  35%        N/A       16%         4
 Ice Form                 Ice/Tmut       33%        N/A       17%         4
 Iskenderun's Mystic Bla  Conj/Tloc      33%        2d8       17%         4
 Call Canine Familiar     Summ           11%        N/A       22%         3
 Conjure Flame            Conj/Fire      11%        6-21      22%         3
 Inner Flame              Hex/Fire       11%        N/A       22%         3
 Mephitic Cloud           Conj/Pois/Air  11%        N/A       22%         3
 Summon Guardian Golem    Hex/Summ       11%        N/A       22%         3
 Tukima's Dance           Hex            11%        N/A       22%         3
 Petrify                  Tmut/Erth      26%        N/A       26%         4
 Summon Ice Beast         Ice/Summ       27%        N/A       26%         4
 Leda's Liquefaction      Hex/Erth       9%         N/A       38%         4
 Dispersal                Tloc           27%        N/A       52%         6
 Lee's Rapid Deconstruct  Erth           14%        3d10*     54%         5
 Cause Fear               Hex            5%         N/A       58%         4
 Flame Wave               Conj/Fire      11%        2d6       58%         4
 Fulminant Prism          Conj/Hex       5%         3d7       58%         4
 Sticky Flame             Conj/Fire      11%        2d3       58%         4
 Summon Lightning Spire   Summ/Air       11%        N/A       58%         4
 Alistair's Intoxication  Tmut/Pois      11%        N/A       78%         5
 Yara's Violent Unravell  Hex/Tmut       8%         3d5       78%         5
 Iskenderun's Battlesphe  Conj           11%        2d7       90%         5
 Lightning Bolt           Conj/Air       5%         1d17      90%         5
 Silence                  Hex/Air        5%         N/A       90%         5
 Eringya's Noxious Bog    Tmut/Pois      8%         N/A       100%        6
 Iron Shot                Conj/Erth      9%         9d3       100%        6
 Summon Cactus Giant      Summ           5%         N/A       100%        6
 Dragon Form              Tmut           12%        N/A       100%        7
 Spellforged Servitor     Conj/Summ      5%         N/A       100%        7
 Storm Form               Tmut/Air       8%         N/A       100%        7
 Discord                  Hex            5%         N/A       100%        8
 Disjunction              Tloc           27%        N/A       100%        8
 Lehudib's Crystal Spear  Conj/Erth      9%         10d4      100%        8
 Maxwell's Capacitive Co  Air            5%         ∞         100%        8
 Dragon's Call            Summ           5%         N/A       100%        9


Dungeon Overview and Level Annotations

Branches:
Dungeon (15/15)            Temple (1/1) D:4            Lair (5/5) D:9
  Swamp (0/4) Lair:2        Snake (4/4) Lair:2        Slime (0/5) Lair:4
    Orc (2/2) D:9             Elf (3/3) Orc:2        Vaults (0/5) D:14
 Depths (0/4) D:15          Sewer (visited)         Ossuary (visited)
Volcano (visited)

Altars:
Ashenzari
Cheibriados
Fedhas
Gozag
Hepliaklqana
Kikubaaqudgha
Nemelex Xobeh
Okawaru
Ru
Sif Muna
Trog
Uskayaw
Vehumet
Xom

Shops:
D:5 *   Orc:2 ::(?   Elf:1 (*   Elf:3 (   Snake:1 :

Portals:
Abyss: D:14

Annotations:
Lair:1 3 runed translucent doors, FizzleBangTC's ghost, novice MeEE
Elf:1 exclusion: obsidian statue, Diaqofic's ghost, adept GnAr
Elf:2 3 runed translucent doors


Innate Abilities, Weirdness & Mutations

You sometimes gain power by taking damage.
Your movements are less encumbered by armour. (ER -4)
Spells you cast may paralyse adjacent enemies.
Your presence sometimes corrodes those you injure.
Your touch may irresistibly damage your foes and sap their willpower.
You are agile. (Dex +4, Str/Int -1)
You are dopey. (Int -2)


Message History

You resist.
A shock serpent comes into view.
You block the naga's attack. The naga spits poison at you.
You block the splash of poison.
A naga mage comes into view. It is wielding a +0 spear.
The naga warrior misses you. The naga warrior constricts you.
You hit the naga warrior.
The naga warrior writhes in agony!
The naga warrior is moderately wounded.
The naga spits poison at you. You block the splash of poison.
The naga warrior hits you with a +0 halberd!
You focus on the pain.
You feel very mighty all of a sudden. The naga warrior constricts you.
You miss the shock serpent.
The shock serpent is severely wounded.
The naga misses you. You block the shock serpent's attack.
You impale the shock serpent!!
You kill the shock serpent!
Cheibriados appreciates the change of pace.
The air sparks with electricity, shocking you!
You resist.
Your surroundings suddenly seem different.
Something loses its grip on you.
A naga sharpshooter, a nagaraja and a naga warrior come into view.
The naga sharpshooter is wielding a +0 battleaxe and wearing a +1 robe of willpower.
The nagaraja is wielding a +1 spear of flaming.
The naga warrior is wielding a +0 war axe and wearing a +2 kite shield of reflection.
Found a serpentine rune of Zot.
As you read the scroll of summoning, it crumbles to dust.
Wisps of shadow whirl around you...
The nagaraja points at you and mumbles some strange words.
The bolt of poison hits you!!
You are poisoned.
* * * LOW HITPOINT WARNING * * *
You focus on the pain.
You feel mightier all of a sudden.
The naga sharpshooter unwields a +0 battleaxe.
The naga sharpshooter wields a +0 arbalest.
The naga sharpshooter shoots a bolt.
The bolt hits you!
You die...

### ####.≈~≈≈
#@.S..~~≈
#..~~~....
#≈.~≈~~.φ.
~~.~≈≈~...
.≈~.~≈≈≈~.~
N..N..~≈≈~.~
###N~~.~~≈~.~
##~~.......


You could see a nagaraja (ally target), a naga warrior (wandering, reflecting),
a naga sharpshooter and a friendly black mamba (summoned).

Vanquished Creatures
  A tentacled monstrosity (D:14)
  2 deep elf blademasters (Elf:3)
  2 deep elf master archers (Elf:3)
  Gastronok (D:11)
  2 nagarajas
  Kirke (Lair:4)
  6 deep elf sorcerers
  2 orc warlords
  4 deep elf elementalists
  A very ugly thing (D:14)
  4 deep elf annihilators (Elf:3)
  6 deep elf demonologists
  A bunyip (shapeshifter) (Elf:1)
  The ghost of Ydydej the Covert, a journeyman DsMo of Okawaru (D:14)
  6 deep elf death magi (Elf:3)
  4 deep elf high priests
  4 boulder beetles
  A rakshasa (D:14)
  3 ogre magi
  The ghost of OstrichLN the Unseen, a journeyman KoBr of Dithmenos (D:9)
  6 two-headed ogres
  3 centaur warriors
  8 hydras
  Erica (D:8)
  13 anacondas
  4 naga warriors
  A tengu warrior (D:15)
  6 death yaks (Lair:5)
  26 dancing weapons
  An orc high priest (Orc:2)
  4 shock serpents
  8 naga sharpshooters
  A wretched star (D:14)
  4 deep elf knights
  4 skeletal warriors (D:12)
  A wizard (D:15)
  4 deep elf archers
  3 naga ritualists
  20 deep elf pyromancers
  An orc knight (D:14)
  Pikel (D:6)
  A necromancer (D:15)
  18 deep elf zephyrmancers
  7 mana vipers
  13 orc sorcerers
  3 cyclopes
  7 ugly things
  3 manticores
  A worldbinder (D:14)
  Maurice (D:8)
  26 black mambas
  12 elephants
  3 salamanders
  Joseph (D:10)
  3 guardian serpents
  A torpor snail (Lair:5)
  2 centaur zombies (D:15)
  A guardian serpent (shapeshifter) (D:14)
  Maggie (D:7)
  A torpor snail (shapeshifter) (Elf:2)
  23 cane toads
  5 gargoyles
  5 naga magi
  A rime drake (shapeshifter) (Elf:2)
  An efreet (Volcano)
  2 rime drakes
  3 unseen horrors
  A centaur skeleton (D:15)
  A kobold demonologist (D:12)
  11 komodo dragons
  3 yaktaurs (D:14)
  Prince Ribbit (D:9)
  6 trolls
  A polar bear (Lair:4)
  4 tyrant leeches (Lair:5)
  23 slime creatures
  19 blink frogs
  A culicivora (shapeshifter) (D:14)
  2 centaur simulacra
  Sigmund (D:2)
  A spriggan (Lair:5)
  A shadow (D:12)
  3 air elementals
  5 wyverns
  Grum (D:9)
  23 yaks
  A water elemental (Elf:3)
  A fire elemental (Elf:1)
  2 hogs (Lair:4)
  Eustachio (D:6)
  3 basilisks
  A steam dragon (D:7)
  7 vampire mosquitoes
  Edmund (D:6)
  2 neqoxecs (D:9)
  A large abomination (D:14)
  4 wargs (Orc:2)
  An acid dragon (D:11)
  28 nagas
  12 water moccasins
  2 sky beasts (D:7)
  Pargi (Sewer)
  8 orc warriors
  2 black bears
  12 ogres
  2 ice beasts
  A boggart (D:14)
  19 wolves
  10 centaurs
  A lemure (D:6)
  4 phantoms
  5 kobold brigands
  17 bullfrogs
  2 earth elementals
  7 wights (D:8)
  5 killer bees (D:9)
  6 electric eels
  2 howler monkeys
  2 lava snakes (D:11)
  A jelly (D:6)
  5 quasits
  3 hounds
  A human zombie (Ossuary)
  14 orc priests
  Crazy Yiuf (D:4)
  3 iguanas
  24 orc wizards
  6 hell rats (Lair:3)
  A boggart simulacrum (D:15)
  4 mummies (Ossuary)
  2 adders
  13 river rats
  4 shadow imps
  5 white imps
  4 ufetubi (D:4)
  2 worms
  A dart slug (D:3)
  46 orcs
  3 ball pythons
  3 endoplasms
  3 giant cockroaches
  7 hobgoblins
  11 jackals
  19 kobolds
  3 quokkas
  7 bats
  A frilled lizard (D:2)
  7 goblins
  2 goblin zombies (Ossuary)
  2 hobgoblin zombies (Ossuary)
  A kobold zombie (Ossuary)
  2 orc zombies (Ossuary)
  4 rats
  A bush (Lair:5)
815 creatures vanquished.

Vanquished Creatures (others)
  An orc sorcerer (Elf:3)
  A naga mage (Snake:3)
  A kobold brigand (D:14)
  4 orc wizards
  An orc (D:14)
  2 demonic plants (D:4)
  57 fungi
  120 plants
187 creatures vanquished.

Grand Total: 1002 creatures vanquished

Notes
Turn   | Place    | Note
-------+----------+-------------------------------------------
     0 | D:1      | frimble the Demonspawn Earth Elementalist began the quest
                  | for the Orb.
     0 | D:1      | Reached XP level 1. HP: 13/13 MP: 3/3
    72 | D:1      | Reached skill level 1 in Transmutations
   534 | D:1      | Gained mutation: Your movements are slightly less
                  | encumbered by armour. (ER -2) [demonic ancestry]
   534 | D:1      | Reached XP level 2. HP: 19/19 MP: 0/5
  1028 | D:2      | Found a faded altar of an unknown god.
  1221 | D:2      | Reached skill level 1 in Long Blades
  1448 | D:2      | Noticed Sigmund
  1458 | D:3      | Found a transporter.
  1461 | D:3      | Reached XP level 3. HP: 15/24 MP: 3/6
  1485 | D:3      | Learned a level 2 spell: Blink
  1767 | D:4      | Noticed an ogre
  1850 | D:4      | Identified the +1 ring mail "Uttol" {rF+ Regen+ MP-9}
  1906 | D:4      | Reached skill level 1 in Fighting
  1940 | D:4      | Reached XP level 4. HP: 33/33 MP: 0/7
  1995 | D:4      | Noticed a water moccasin
  2070 | D:3      | Reached skill level 1 in Armour
  2130 | D:3      | Found a transporter.
  2292 | D:3      | Gained mutation: Your touch may inflict minor irresistible
                  | damage on your foes. [demonic ancestry]
  2292 | D:3      | Reached XP level 5. HP: 24/38 MP: 0/8
  2403 | D:3      | Found an ancient bone altar of Kikubaaqudgha.
  2413 | D:3      | Found a hazy altar of Hepliaklqana.
  2568 | D:3      | Reached skill level 1 in Evocations
  2589 | D:3      | Reached XP level 6. HP: 41/44 MP: 0/9
  2665 | D:2      | Killed Sigmund
  2930 | D:4      | Killed a water moccasin
  2931 | D:4      | Gained mutation: Your touch may inflict irresistible damage
                  | on your foes. [demonic ancestry]
  2931 | D:4      | Reached XP level 7. HP: 21/50 MP: 1/10
  3105 | D:4      | Reached skill level 1 in Unarmed Combat
  3323 | D:4      | Found a staircase to the Ecumenical Temple.
  3411 | D:4      | Found a runed translucent door.
  3412 | D:4      | Noticed Crazy Yiuf
  3558 | D:5      | Entered Level 5 of the Dungeon
  3621 | D:5      | Found a glowing drain.
  3663 | D:5      | Reached skill level 5 in Translocations
  3663 | D:5      | Gained mutation: You sometimes gain a little power by
                  | taking damage. [demonic ancestry]
  3663 | D:5      | Reached XP level 8. HP: 29/56 MP: 2/11
  3684 | Sewer    | Entered a sewer
  3786 | Sewer    | Noticed Pargi
  3801 | Sewer    | Killed Pargi
  3947 | D:5      | Found Kokegaj's General Store.
  4123 | D:4      | Killed Crazy Yiuf
  4207 | D:5      | Identified the +9 morningstar of Propriety {flame, Fly
                  | Will+}
  4242 | D:5      | Reached skill level 1 in Maces & Flails
  4616 | D:6      | Noticed Edmund
  4629 | D:6      | Killed Edmund
  4630 | D:6      | Reached skill level 2 in Maces & Flails
  4630 | D:6      | Noticed Pikel
  4769 | D:6      | Reached skill level 3 in Maces & Flails
  4874 | D:6      | Killed Pikel
  4875 | D:6      | Reached skill level 5 in Maces & Flails
  4875 | D:6      | Gained mutation: Your touch may irresistibly damage your
                  | foes and sap their willpower. [demonic ancestry]
  4875 | D:6      | Reached XP level 9. HP: 22/62 MP: 1/12
  5052 | D:6      | Noticed Eustachio
  5061 | D:6      | Killed Eustachio
  5569 | Temple   | Entered the Ecumenical Temple
  5581 | Temple   | Became a worshipper of Cheibriados the Contemplative
  5680 | D:7      | Noticed Maggie
  5688 | D:7      | Killed Maggie
  5689 | D:7      | Reached skill level 6 in Maces & Flails
  5776 | D:7      | Reached skill level 7 in Maces & Flails
  6201 | D:7      | Reached skill level 8 in Maces & Flails
  6234 | D:7      | Found a blossoming altar of Fedhas.
  6237 | D:7      | Found a shimmering altar of Xom.
  6407 | D:7      | Reached * piety under Cheibriados
  7018 | D:8      | Noticed Erica
  7027 | D:8      | Killed Erica
  7028 | D:8      | Reached skill level 9 in Maces & Flails
  7028 | D:8      | Gained mutation: Spells you cast may paralyse adjacent
                  | enemies. [demonic ancestry]
  7028 | D:8      | Reached XP level 10. HP: 54/68 MP: 4/13
  7130 | D:8      | Found a sand-covered staircase.
  7134 | D:8      | Noticed Maurice
  7138 | Ossuary  | Entered an ossuary
  7315 | D:8      | Killed Maurice
  7316 | D:8      | Reached skill level 10 in Maces & Flails
  7414 | D:8      | Found a shimmering blue altar of Sif Muna.
  7448 | D:8      | Reached ** piety under Cheibriados
  8035 | D:8      | HP: 2/68 [komodo dragon (17)]
  8140 | D:9      | Reached skill level 11 in Maces & Flails
  8227 | D:9      | Found a bloodstained altar of Trog.
  8268 | D:9      | Found a staircase to the Lair.
  8329 | D:9      | Noticed a two-headed ogre
  8416 | D:9      | Killed a two-headed ogre
  8416 | D:9      | Reached *** piety under Cheibriados
  8417 | D:9      | Reached skill level 5 in Fighting
  8436 | D:9      | Noticed Grum
  8451 | D:10     | Entered Level 10 of the Dungeon
  8700 | D:10     | Noticed a two-headed ogre
  8704 | D:10     | Killed a two-headed ogre
  8705 | D:10     | Reached XP level 11. HP: 47/83 MP: 14/14
  9114 | D:10     | Found a broken altar of Ashenzari.
  9146 | D:10     | Noticed a two-headed ogre
  9152 | D:10     | Killed a two-headed ogre
  9155 | D:10     | Noticed Joseph
  9162 | D:10     | Killed Joseph
  9680 | Lair:1   | Entered Level 1 of the Lair of Beasts
 10101 | Lair:1   | Reached **** piety under Cheibriados
 10390 | Lair:1   | Found a runed translucent gate.
 10390 | Lair:1   | Found a runed translucent gate.
 10392 | Lair:1   | Found a runed translucent gate.
 10403 | Lair:1   | Noticed a minotaur
 10410 | Lair:1   | Noticed FizzleBangTC's ghost (novice MeEE)
 10864 | Lair:2   | Noticed a six-headed hydra
 10873 | Lair:2   | Killed a six-headed hydra
 10874 | Lair:2   | Reached skill level 10 in Fighting
 10874 | Lair:2   | Reached skill level 1 in Shields
 11070 | Lair:2   | Identified a scroll of acquirement
 11070 | Lair:2   | Acquired 1192 gold pieces
 11184 | D:5      | Bought the +7 sceptre of Torment {pain, torment} for 1440
                  | gold pieces
 11184 | D:5      | Found the +7 sceptre of Torment {pain, torment}
 11184 | D:5      | Bought a potion of heal wounds for 60 gold pieces
 11344 | D:9      | Noticed Prince Ribbit
 11355 | D:9      | Found a staircase to the Orcish Mines.
 11361 | D:9      | Killed Prince Ribbit
 11380 | D:9      | Found a transporter.
 11384 | D:9      | Noticed OstrichLN's ghost (journeyman KoBr)
 11419 | D:9      | Found a transporter.
 11532 | D:9      | Reached skill level 1 in Necromancy
 11638 | D:11     | Noticed a four-headed hydra
 11643 | D:11     | Killed a four-headed hydra
 12136 | D:11     | Reached XP level 12. HP: 74/97 MP: 15/15
 12258 | D:11     | Noticed Gastronok
 12276 | D:11     | Killed Gastronok
 12668 | D:11     | Noticed a boulder beetle
 12676 | D:11     | Killed a boulder beetle
 12677 | D:11     | Reached skill level 5 in Shields
 12688 | D:11     | Noticed a two-headed ogre
 12693 | D:11     | Killed a two-headed ogre
 13093 | D:12     | Reached skill level 5 in Necromancy
 13473 | D:12     | Reached ***** piety under Cheibriados
 13474 | D:12     | Reached skill level 12 in Maces & Flails
 14170 | D:9      | Killed Grum
 14262 | Lair:2   | Found a staircase to the Swamp.
 14914 | Lair:2   | Found a staircase to the Snake Pit.
 15159 | Lair:3   | Noticed a five-headed hydra
 15165 | Lair:3   | Killed a five-headed hydra
 15296 | Lair:3   | Reached skill level 13 in Maces & Flails
 15320 | Lair:3   | Gained mutation: You sometimes gain power by taking damage.
                  | [demonic ancestry]
 15320 | Lair:3   | Reached XP level 13. HP: 75/103 MP: 7/16
 15648 | Lair:3   | Reached ****** piety under Cheibriados
 16322 | Lair:4   | Reached skill level 10 in Necromancy
 16714 | Lair:4   | Noticed Kirke
 16727 | Lair:4   | Killed Kirke
 16872 | Lair:4   | Found a staircase to the Slime Pits.
 17034 | Lair:5   | Entered Level 5 of the Lair of Beasts
 17070 | Lair:5   | Reached skill level 14 in Maces & Flails
 17204 | Lair:5   | Reached skill level 1 in Invocations
 17510 | Lair:5   | Reached skill level 5 in Invocations
 17510 | Lair:5   | Reached XP level 14. HP: 110/110 MP: 8/17
 17788 | Lair:5   | Reached skill level 15 in Maces & Flails
 19217 | D:13     | Found the +7 Singing Sword {vorpal, sonic wave}
 19530 | D:13     | Reached skill level 16 in Maces & Flails
 19972 | D:14     | Identified the +9 hand axe of Yrhie {freeze, rPois Will+
                  | Str-5}
 20034 | D:14     | Found a gate to the Vaults.
 20172 | D:14     | Noticed a tentacled monstrosity
 20185 | D:14     | Found a transporter.
 20193 | D:14     | Noticed an orc warlord
 20398 | D:14     | Reached skill level 5 in Dodging
 20521 | D:14     | Found a transporter.
 20532 | D:14     | Noticed Ydydej's ghost (journeyman DsMo)
 20535 | D:14     | Noticed a purple very ugly thing
 20543 | D:14     | Found a one-way gate to the infinite horrors of the Abyss.
 20720 | D:15     | Entered Level 15 of the Dungeon
 20818 | D:15     | Gained mutation: Your movements are less encumbered by
                  | armour. (ER -4) [demonic ancestry]
 20818 | D:15     | Reached XP level 15. HP: 115/115 MP: 11/20
 20845 | D:15     | Found a staircase to the Depths.
 21738 | D:14     | Killed a tentacled monstrosity
 21848 | D:14     | Killed Ydydej's ghost
 21856 | D:14     | Killed an orc warlord
 22153 | D:9      | Gained mutation: You are dopey. (Int -2) [a neqoxec]
 22154 | D:9      | Gained mutation: You do not regenerate when monsters are
                  | visible. [a neqoxec]
 22185 | D:9      | Killed OstrichLN's ghost
 22260 | D:9      | Identified the ring "Uczemimn" {rElec Int+6 Dex+6}
 22303 | Orc:1    | Entered Level 1 of the Orcish Mines
 22427 | Orc:2    | Entered Level 2 of the Orcish Mines
 22447 | Orc:2    | Learned a level 2 spell: Passwall
 22489 | Orc:2    | Reached XP level 16. HP: 101/122 MP: 21/21
 22505 | Orc:2    | Lost mutation: You do not regenerate when monsters are
                  | visible. [potion of mutation]
 22505 | Orc:2    | Lost mutation: You are dopey. (Int -2) [potion of mutation]
 22505 | Orc:2    | Gained mutation: You are dopey. (Int -2) [potion of
                  | mutation]
 22505 | Orc:2    | Gained mutation: You are agile. (Dex +4, Str/Int -1)
                  | [potion of mutation]
 22531 | Orc:2    | Reached skill level 10 in Shields
 22562 | Orc:2    | Found a dark tunnel.
 22570 | Volcano  | Entered a volcano
 22820 | Orc:2    | Paralysed by an orc sorcerer for 3 turns
 23010 | Orc:2    | Found Ufeiv's Book Shoppe.
 23043 | Orc:2    | Found an ancient bone altar of Kikubaaqudgha.
 23051 | Orc:2    | Paralysed by an orc sorcerer for 5 turns
 23118 | Orc:2    | Paralysed by an orc sorcerer for 5 turns
 23133 | Orc:2    | Paralysed by an orc sorcerer for 4 turns
 23160 | Orc:2    | Found Daepiyl's Antique Weapon Emporium.
 23172 | Orc:2    | Found Gyes's Book Emporium.
 23203 | Orc:2    | Found a radiant altar of Vehumet.
 23236 | Orc:2    | Found Upeimme's Magic Scroll Emporium.
 23553 | Orc:2    | Found a staircase to the Elven Halls.
 23857 | Elf:1    | Entered Level 1 of the Elven Halls
 23989 | Elf:1    | Found Ytzuwk's Weapon Shop.
 24146 | Elf:1    | Found a runed translucent gate.
 24146 | Elf:1    | Found a runed translucent gate.
 24146 | Elf:1    | Found an opulent altar of Gozag.
 24146 | Elf:1    | Found a runed translucent gate.
 24572 | Elf:1    | Noticed Diaqofic's ghost (adept GnAr)
 24573 | Elf:1    | Found Buesaf's Assorted Antiques.
 24673 | Elf:1    | Found a shimmering blue altar of Sif Muna.
 25031 | Elf:2    | Reached XP level 17. HP: 120/128 MP: 22/22
 25329 | Elf:2    | Reached skill level 10 in Dodging
 25423 | Elf:2    | Found a hide-covered altar of Uskayaw.
 25423 | Elf:2    | Identified the +7 mace of Ascent {vorpal, rF- rC+ Will++}
 25673 | Elf:2    | Found a runed translucent gate.
 25681 | Elf:2    | Found a runed translucent gate.
 25681 | Elf:2    | Found a runed translucent gate.
 25839 | Elf:3    | Entered Level 3 of the Elven Halls
 25954 | Elf:3    | Found Plog's Antique Weapon Shop.
 26420 | Elf:3    | Paralysed by an air elemental for 1 turns
 26597 | Elf:3    | Learned a level 3 spell: Frozen Ramparts
 26604 | Elf:3    | Reached skill level 1 in Ice Magic
 26720 | Elf:3    | Noticed a Brimstone Fiend
 26786 | Elf:3    | Reached skill level 5 in Ice Magic
 26810 | Elf:3    | Noticed a deep elf blademaster
 26822 | Elf:3    | Killed a deep elf blademaster
 26886 | Elf:3    | Identified the ring "Lowk" {Wiz rCorr Stlth+}
 26887 | Elf:3    | Noticed a deep elf master archer
 26910 | Elf:3    | Killed a deep elf master archer
 26911 | Elf:3    | Identified the amulet of Elyvilon, Howling {Acrobat +Blink}
 26918 | Elf:3    | Identified the ring "Mairrej" {Wiz rN+ Str+4}
 27061 | Elf:3    | Identified the amulet of the Past {Faith rPois rC- Slay+5
                  | Stlth+}
 27066 | Elf:3    | Identified the +7 dagger "Embalmer" {vorpal, Will+ rCorr
                  | Int+4}
 27183 | Elf:3    | Identified the +8 longbow "Goblin's Death Toll" {flame,
                  | rC+}
 27233 | Elf:3    | Noticed a deep elf blademaster
 27235 | Elf:3    | Noticed a deep elf master archer
 27241 | Elf:3    | Killed a deep elf master archer
 27241 | Elf:3    | Killed a deep elf blademaster
 27267 | Elf:3    | Found the +3 Elemental Staff {rElec rF++ rC++ AC+5}
 27321 | Elf:3    | Got the Reference Book on Fascination and Evil
 27634 | Snake:1  | Entered Level 1 of the Snake Pit
 27697 | Snake:1  | Reached skill level 1 in Staves
 27895 | Snake:1  | Found a radiant altar of Vehumet.
 27952 | Snake:1  | Found Ymusiuge's Self-Improvement Boutique.
 27969 | Snake:1  | Bought a manual of Spellcasting for 1280 gold pieces
 28117 | Snake:1  | Gained mutation: Your presence sometimes corrodes those you
                  | injure. [demonic ancestry]
 28117 | Snake:1  | Reached XP level 18. HP: 60/134 MP: 23/23
 28806 | Snake:2  | Reached skill level 5 in Staves
 29195 | Snake:3  | Identified the +2 leather armour "Heen" {Harm}
 29507 | Snake:3  | Reached skill level 5 in Spellcasting
 30428 | Snake:1  | Bought a manual of Shields for 1280 gold pieces
 30491 | Snake:4  | Entered Level 4 of the Snake Pit
 30519 | Snake:4  | Reached skill level 15 in Shields
 30695 | Snake:4  | Shot with a bolt by a naga sharpshooter

Illustrated notes

Levels and vault maps discovered:
D:1:      dpeg_arrival_tiny_a, layout_loops_ring
D:2:      layout_loops_ring, dreamdust_ecumenical_altar_grove, uniq_sigmund
D:3:      gammafunk_steamed_eel, layout_rooms, grunt_temple_overflow_diamond,
          small_statue_intersection
D:4:      layout_rooms, tso_altar, minmay_temple_entry_poolview, serial_demonic,
          serial_demonic_b, serial_demonic_f, serial_demonic_a,
          serial_demonic_e, uniq_crazy_yiuf_cottage
D:5:      layout_rooms, serial_shops, nicolae_shop_hallway_plus,
          portal_sewer_entry_a
D:6:      layout_loops_ring, uniq_pikel, uniq_eustachio, uniq_edmund
D:7:      layout_layer_cave, grunt_temple_overflow_open, uniq_maggie
D:8:      layout_loops_cross, led_sif_pool, nicolae_ossuary_entry_ruins,
          nicolae_benzene_ring, nrook_uturn, uniq_erica, uniq_maurice
D:9:      layout_cave_pools, mainiacjoe_overflow_alcove_1,
          due_lair_maze_entry_diamond, orc_0_dummy, gammafunk_ghost_stat_death,
          uniq_grum, uniq_prince_ribbit1
D:10:     layout_loops_ring, evilmike_ruin_ashenzari, uniq_joseph
D:11:     layout_irregular_city, amcnicky_mini_pool_medium, uniq_gastronok
D:12:     layout_loops_ring
D:13:     minmay_weird_star, layout_loops_ring
D:14:     layout_gridville, hangedman_vaults_entry_quadrant_bands,
          gammafunk_ghost_abyssal_escape, hangedman_decor_lopped
D:15:     grunt_enter_depths_magical_seal, layout_loops_ring, hex_medium
Temple:   dshaligram_water_room_temple
Lair:1:   layout_chaotic_city, maelrawn_ghost_gauntlet_escape,
          chequers_serial_rivers_micro_e, minivault_27
Lair:2:   layout_loops_ring, minmay_swamp_entry_reptiles,
          minmay_snake_entry_guardpost_medium, grunt_megastairs_3
Lair:3:   layout_chaotic_city, kennysheep_rathole
Lair:4:   layout_loops_ring, dpeg_slime_entry_enclosed,
          infiniplex_staircase_pool_2, uniq_kirke
Lair:5:   minmay_lair_end_frog_pond, layout_hall_layers, wad_woods_03,
          lemuel_fruit_tree
Snake:1:  layout_misc_corridors, basic_altar, nicolae_shop_self_help,
          grunt_megastairs_4
Snake:2:  layout_rooms, nicolae_snake_serpentine_hallways
Snake:3:  layout_chambers
Snake:4:  grunt_snake_rune_pools, layout_rooms, serial_corexii_hall,
          corexii_hall_statues_l, corexii_hall_statues_s, corexii_hall_statues_x
Orc:1:    layout_diamond_mine, uniq_nergalle
Orc:2:    kennysheep_orc_mage_school, layout_caves, enter_volcano_2
Elf:1:    eino_elf_arrival_customs, layout_gridlike, serial_shops,
          nicolae_lakefront_shop, ebering_ghost_gozag, basic_altar,
          hangedman_elf_represent
Elf:2:    nicolae_elf_blades_crystal_corner, layout_loops_corners,
          minmay_misc_feat_columns, nicolae_elf_altarnating
Elf:3:    elf_hall_gauntlet_narrow, layout_geoelf_castle, serial_shops,
          nicolae_shop_stone

Skill      XL: |  1  2  3  4  5  6  7  8  9 10 11 12 13 14 15 16 17 18 |
---------------+-------------------------------------------------------+-----
Transmutations | 1 2 |  2.0
Long Blades    | 1 2 |  2.0
Fighting       | 2 6 10 | 10.0
Armour         | 2 |  2.0
Dodging        | 2 3 5 7 9 11 | 11.0
Evocations     | 2 |  2.3
Translocations | 3 5 6 7 |  7.1
Unarmed Combat | 3 4 |  4.2
Maces & Flails | 5 9 11 13 14 16 | 16.0
Shields        | 4 5 6 9 11 14 15 | 15.5
Necromancy     | 3 8 11 | 11.3
Invocations    | 5 7 |  7.7
Ice Magic      | 5 |  5.0
Staves         | 3 6 |  6.0
Spellcasting   | 6 |  6.9
Stealth        | |  1.7
Earth Magic    | |  2.6

Action                   |  1- 3 |  4- 6 |  7- 9 | 10-12 | 13-15 | 16-18 || total
-------------------------+-------+-------+-------+-------+-------+-------++-------
Melee: Unarmed           |     2 |       |     8 |       |       |       ||    10
       Falchion          |   118 |    10 |       |       |       |       ||   128
       Long sword        |       |    76 |   135 |       |       |       ||   211
       Touch             |       |     6 |    37 |    61 |       |       ||   104
       Punch             |       |       |     3 |     8 |       |       ||    11
       Morningstar       |       |       |    94 |   194 |       |       ||   288
       Eveningstar       |       |       |       |   177 |   735 |   794 ||  1706
 Cast: Sandblast         |    24 |       |     6 |     1 |       |     2 ||    33
       Blink             |       |       |     1 |     4 |     9 |     2 ||    16
       Passwall          |       |       |       |       |       |     2 ||     2
       Frozen Ramparts   |       |       |       |       |       |     2 ||     2
Invok: Slouch            |       |       |       |       |     2 |    19 ||    21
       Temporal Distorti |       |       |       |       |       |     5 ||     5
       Step From Time    |       |       |       |       |       |     1 ||     1
Evoke: Wand              |       |     5 |    13 |     5 |    14 |    14 ||    51
       Tin of tremorston |       |       |       |       |       |     3 ||     3
       Condenser vane    |       |       |       |       |       |     2 ||     2
  Use: Scroll            |     3 |       |    10 |    10 |    14 |     9 ||    46
       Potion            |       |     1 |     1 |       |     5 |     7 ||    14
 Stab: Sleeping          |       |       |     3 |     3 |     6 |    13 ||    25
       Distracted        |       |       |       |       |       |     2 ||     2
Armor: Robe              |     5 |       |       |       |       |       ||     5
       Ring mail         |   118 |    33 |    86 |    39 |   191 |    70 ||   537
       Chain mail        |       |       |       |   132 |       |       ||   132
       Troll leather arm |       |       |       |       |       |    71 ||    71
Dodge: Dodged            |   198 |    73 |   186 |   268 |   572 |   491 ||  1788
Block: Buckler           |       |       |       |    23 |   231 |       ||   254
       Kite shield       |       |       |       |       |   114 |   705 ||   819

Table legend: (Time is in decaauts)
 A = Elapsed time spent in this place.
 B = Non-inter-level travel time spent in this place.
 C = Inter-level travel time spent in this place.
 D = Time resting spent in this place.
 E = Time spent auto-exploring this place.
 F = Levels seen in this place.
 G = Mean time per level.
                   A        B        C        D        E       F      G
               +--------+--------+--------+--------+--------+-----+--------+
         Total |  44382 |  40308 |   4074 |    728 |  32507 |  33 | 1344.9 |
       Dungeon |  21637 |  19181 |   2456 |    529 |  15766 |  15 | 1442.5 |
        Temple |     24 |     12 |     12 |      0 |      7 |   1 |   24.0 |
          Lair |   8708 |   8100 |    608 |    181 |   6683 |   5 | 1741.6 |
     Snake Pit |   4773 |   4446 |    327 |      0 |   3733 |   4 | 1193.2 |
  Orcish Mines |   2458 |   2268 |    190 |      4 |   1687 |   2 | 1229.0 |
   Elven Halls |   6039 |   5561 |    478 |     14 |   4197 |   3 | 2013.0 |
         Sewer |    210 |    210 |      0 |      0 |    120 |   1 |  210.0 |
       Ossuary |    218 |    218 |      0 |      0 |    133 |   1 |  218.0 |
       Volcano |    311 |    311 |      0 |      0 |    180 |   1 |  311.0 |
               +--------+--------+--------+--------+--------+-----+--------+

Top non-repeatable levels by time:
    D:12: 2539 daAuts
   Elf:3: 2528 daAuts
 Snake:3: 2362 daAuts
   Orc:2: 2253 daAuts
    D:14: 1975 daAuts
  Lair:1: 1924 daAuts
  Lair:4: 1916 daAuts
     D:7: 1872 daAuts
    D:11: 1834 daAuts
   Elf:1: 1805 daAuts
    D:10: 1801 daAuts
  Lair:5: 1736 daAuts
   Elf:2: 1706 daAuts
  Lair:2: 1684 daAuts
    D:15: 1679 daAuts
